 Dungeon Crawl Stone Soup version 0.25-a0-663-gace7076f2c (webtiles) character file.

Game seed: 5783647697704584030, levelgen mode: deterministic

235 sanka the Gouger (level 5, 25/25 HPs)
             Began as a Felid Wanderer on Mar 24, 2020.
             Quit the game on level 3 of the Dungeon.
             The game lasted 00:06:26 (3224 turns).

sanka the Gouger (Felid Wanderer)                   Turns: 3224, Time: 00:06:27

Health: 25/25      AC:  2    Str:  8    XL:     5   Next: 76%
Magic:  6/6        EV: 15    Int: 15    God:
Gold:   149        SH:  0    Dex: 16    Spells: 4/4 levels left
                                        Lives:  0   Deaths: 1

rFire    . . .     SeeInvis +     - Unarmed
rCold    . . .     Gourm    .   (shield unavailable)
rNeg     . . .     Faith    .   (armour unavailable)
rPois    .         Spirit   .   (helmet unavailable)
rElec    .         Reflect  .   (cloak unavailable)
rCorr    .         Harm     .   (gloves unavailable)
MR       .....                  (boots unavailable)
Stlth    ++........             (no amulet)
HPRegen  0.08/turn              (no ring)
MPRegen  0.10/turn              (no ring)

@: quick
A: very small, no armour, no weapons or thrown items, stealth, claws 1, fangs 3,
see invisible, carnivore, speed 1, shaggy fur 2, slow metabolism 1, sharp paws
a: no special abilities


You were on level 3 of the Dungeon.
You were not hungry.

You visited 1 branch of the dungeon, and saw 3 of its levels.

You collected 149 gold pieces.


Innate Abilities, Weirdness & Mutations

You cannot wear armour.
You are incapable of wielding weapons or throwing items.
Your paws allow you to move quietly. (Stealth)
You have sharp claws.
You have razor-sharp teeth.
You have supernaturally acute eyesight. (SInv)
You are carnivorous and can eat meat at any time.
You cover ground quickly.
You are covered in thick fur. (AC +2)
You have a slow metabolism.
Your sharp claws are effective at attacking unaware monsters.


   Skills:
 - Level 4.0 Fighting
 - Level 1.3 Stealth
 + Level 8.2 Unarmed Combat
 - Level 1.1 Evocations


You had 4 spell levels left.
You didn't know any spells.
Your spell library was empty.

Inventory:

Jewellery
 k - an uncursed ring of ice
Wands
 o - a wand of polymorph (4)
Scrolls
 b - 2 scrolls of blinking
 c - 4 scrolls of teleportation {@r4}
 e - a scroll of magic mapping {unknown}
 g - a scroll of random uselessness {unknown}
 h - 6 scrolls of identify {unknown}
 i - a scroll of remove curse {unknown}
 j - a scroll of enchant armour {unknown}
 l - a scroll of fog {unknown}
 m - a scroll of amnesia {unknown}
 q - a scroll of fear {unknown}
Potions
 a - a potion of berserk rage {!q}
Comestibles
 f - 7 rations
 n - a chunk of flesh

Dungeon Overview and Level Annotations

Branches:
Dungeon (3/15)

Altars:
Ashenzari
Gozag
Kikubaaqudgha
Ru
The Shining One

▒▒'')▒▒▒....................
.(.....).▒.▒............▒
....................g...▒
▒▒▒▒.▒.▒▒▒......▒▒▒▒▒▒▒▒.B.....
▒ ▒▒...▒ ▒......▒ ....... ▒
.....▒ ▒▒▒....▒▒▒▒ ▒......
▒▒.....▒ ▒........▒ ..B..g
▒▒.....▒ ▒........▒ ......
)'.....▒ ▒.....h..▒ .....
▒▒.....▒ ▒........▒ ..... ▒
.....▒ ▒<.......▒ ▒ .....▒
▒........▒ .......▒ ▒▒▒▒▒▒▒▒▒▒
..▒▒▒▒▒▒ ..▒ ..▒


There were no monsters in sight!


Message History

You kill the hobgoblin!
* * * LOW HITPOINT WARNING * * *
You feel sick.
You see here a +0 club.
You feel a strong urge to attack something.
* * * LOW HITPOINT WARNING * * *
You feel sick.
* * * LOW HITPOINT WARNING * * *
You feel sick.
You see here a potion of flight.
You feel your anger nearly subside.
You are no longer berserk.
You are exhausted.
You feel yourself slow down.
* * * LOW HITPOINT WARNING * * *
You feel sick.
Unknown command.
Unknown command.
Really quaff
d - a potion of lignification {!q}?
Really quaff the potion of lignification?
You turn into a tree.
Your roots penetrate the ground.
You die...
Your shape twists and changes as you die.
You feel sick.
You are now level 5!
You feel less wooden.
You rejoin the land of the living...
Unknown command.
Are you sure you want to abandon this character and quit the game? (Confirm with "yes".)

Action                   |  1- 3 |  4- 6 || total
-------------------------+-------+-------++-------
Melee: Unarmed           |   100 |   113 ||   213
       Punch             |     4 |     3 ||     7
       Bite              |     5 |    13 ||    18
Evoke: Wand              |       |     1 ||     1
  Use: Potion            |       |     5 ||     5
 Stab: Distracted        |     1 |       ||     1
       Sleeping          |     5 |     2 ||     7
  Eat: Chunk             |     8 |     4 ||    12
Armor: Skin              |     6 |     9 ||    15
Dodge: Dodged            |    78 |    68 ||   146

Levels and vault maps discovered:
D:1:      saegor_arrival_simple_e, layout_basic, minmay_misc_feat_iff
D:2:      layout_basic, nicolae_overflow_crystal_walls, first_ration,
          minmay_pentomino_z4
D:3:      cheibrodos_fertilizer, layout_basic, nicolae_overflow_hidden_temple,
          minmay_misc_feat_alley, chequers_serial_rivers_micro_e, st_stairs_5,
          uniq_grinder

Notes
Turn   | Place    | Note
-------+----------+-------------------------------------------
     0 | D:1      | sanka the Felid Wanderer began the quest for the Orb.
     0 | D:1      | sanka set off with the following items: a potion of berserk
                  | rage {!q}, a scroll of blinking, a scroll of teleportation
                  | {@r4}, a potion of lignification {!q}, a ration
     0 | D:1      | Reached XP level 1. HP: 11/11 MP: 2/2
    91 | D:1      | Reached XP level 2. HP: 15/15 MP: 3/3
   716 | D:1      | Reached skill level 5 in Unarmed Combat
   723 | D:1      | Reached XP level 3. HP: 15/18 MP: 4/4
  1432 | D:2      | Reached XP level 4. HP: 21/22 MP: 5/5
  1489 | D:2      | Found an ancient bone altar of Kikubaaqudgha.
  2008 | D:3      | Reached skill level 6 in Unarmed Combat
  2164 | D:3      | Found an opulent altar of Gozag.
  2175 | D:3      | Found a glowing golden altar of the Shining One.
  2360 | D:3      | Found a shattered altar of Ashenzari.
  2362 | D:3      | Found a sacrificial altar of Ru.
  2929 | D:3      | Noticed Grinder
  3015 | D:3      | Reached XP level 5. HP: 25/25 MP: 6/6
  3048 | D:3      | Paralysed by Grinder for 6 turns
  3059 | D:3      | Killed Grinder
  3059 | D:3      | Reached skill level 7 in Unarmed Combat
  3059 | D:3      | Gained mutation: You are covered in thick fur. (AC +2)
                  | [Felid growth]
  3059 | D:3      | Reached XP level 6. HP: 28/28 MP: 7/7
  3209 | D:3      | Noticed a water moccasin
  3209 | D:3      | a jelly changed into a water moccasin
  3216 | D:3      | Killed a water moccasin
  3216 | D:3      | Reached skill level 8 in Unarmed Combat
  3217 | D:3      | HP: 4/42 [poisoned by a water moccasin]
  3222 | D:3      | HP: 1/28 [poisoned by a water moccasin]
  3223 | D:3      | Succumbed to a water moccasin's poison
  3224 | D:3      | Reached XP level 5. HP: 0/37 MP: 6/6
  3224 | D:3      | Quit the game

Vanquished Creatures
  Grinder (D:3)
  A water moccasin (D:3)
  5 adders
  6 oozes
  A dart slug (D:1)
  A leopard gecko (D:3)
  2 orcs (D:3)
  2 ball pythons (D:2)
  4 giant cockroaches
  14 goblins
  8 hobgoblins
  3 jackals (D:3)
  2 quokkas (D:3)
  13 bats
  4 frilled lizards
  11 kobolds
  7 rats
85 creatures vanquished.

Vanquished Creatures (others)
  2 fungi (D:3)
  5 toadstools (D:3)
7 creatures vanquished.

Grand Total: 92 creatures vanquished
